 Dungeon Crawl Stone Soup version 0.25-a0-681-gdf4e720381 (webtiles) character file.

Game seed: 13703759851528790249, levelgen mode: deterministic

216 Majang the Insei (level 5, -1/34 HPs)
             Began as an Octopode Transmuter on Mar 30, 2020.
             Slain by a jackal (2 damage)
             ... on level 3 of the Dungeon.
             The game lasted 00:14:21 (4113 turns).

Majang the Insei (Octopode Transmuter)              Turns: 4113, Time: 00:14:22

Health: -1/34      AC:  1    Str: 10    XL:     5   Next: 93%
Magic:  9/9        EV: 13    Int: 16    God:
Gold:   91         SH:  0    Dex: 12    Spells: 2/9 levels left

rFire    . . .     SeeInvis .     - Unarmed
rCold    . . .     Gourm    .   (no shield)
rNeg     . . .     Faith    .   (helmet restricted)
rPois    .         Spirit   .   (no amulet)
rElec    .         Reflect  .   m - ring of attention (curse)
rCorr    .         Harm     .   (no ring)
MR       .....                  (no ring)
Stlth    +.........             (no ring)
HPRegen  0.11/turn              (no ring)
MPRegen  0.11/turn              (no ring)
                                (no ring)
                                (no ring)

@: appendage
A: almost no armour, stealthy swim, amphibious, 8 rings, constrict 8, tentacle
spike 3, camouflage 1, gelatinous body 1
a: End Transformation


You were on level 3 of the Dungeon.
You were not hungry.
One of your tentacles had a temporary spike.
You visited 1 branch of the dungeon, and saw 3 of its levels.

You collected 91 gold pieces.

Inventory:

Missiles
 a - 36 arrows
Armour
 n - a +0 buckler
Jewellery
 m - a cursed ring of attention (left tentacle)
Scrolls
 d - 2 scrolls of fog {unknown}
 e - a scroll of identify {unknown}
 h - a scroll of teleportation {unknown}
 i - a scroll of amnesia {unknown}
 j - a scroll of remove curse {unknown}
 k - a scroll of enchant armour {unknown}
Potions
 b - a potion of stabbing {unknown}
 f - a potion of lignification {unknown}
 g - a potion of invisibility {unknown}
 l - a potion of heal wounds {unknown}
 p - a potion of curing {unknown}
Comestibles
 c - 8 rations
 o - 6 chunks of flesh


   Skills:
 + Level 2.1 Fighting
 - Level 2.0 Dodging
 + Level 0.4 Shields
 * Level 4.2 Unarmed Combat
 + Level 2.8 Spellcasting
 * Level 3.6 Transmutations
 + Level 1.1 Ice Magic


You had 2 spell levels left.
You knew the following spells:

 Your Spells              Type           Power        Failure   Level  Hunger
a - Beastly Appendage     Tmut           ##....       4%          1    #......
i - Ice Form              Ice/Tmut       #.......     56%         4    #####..
n - Sticks to Snakes      Tmut           ##......     6%          2    ##.....

Your spell library contained the following spells:

 Spells                   Type           Power        Failure   Level  Hunger
 Spider Form              Tmut/Pois      #.........   26%         3    ###....
 Blade Hands              Tmut           ##........   75%         5    ######.


Dungeon Overview and Level Annotations

Branches:
Dungeon (3/15)

Altars:


Innate Abilities, Weirdness & Mutations

You cannot wear most types of armour.
You are very stealthy in the water. (Stealth+)
You are amphibious.
You can wear up to eight rings at the same time.
You can use your tentacles to constrict eight enemies at once.
Your skin changes colour to match your surroundings (Stealth+).
Your rubbery body absorbs attacks. (AC +1, EV +1)
One of your tentacles bears a large vicious spike.


Message History

You pierce the orc priest.
The orc priest is almost dead.
You constrict the orc priest.
The orc priest mumbles some strange prayers to Beogh against you.
Beogh smites you!
* * * LOW HITPOINT WARNING * * *
You tentacle-slap the orc priest but do no damage.
You pierce the orc priest, but do no damage.
The orc priest is almost dead.
You constrict the orc priest.
You kill the orc priest!
A jackal comes into view.
The jackal barks!
You hear a bark! x3
The jackal barely misses you.
Things that are here:
a +0 chain mail; a scroll labeled TIZULA TIFO You barely miss the jackal.
Your grab misses the jackal.
You pierce the jackal, but do no damage.
The jackal bites you.
You die...

#.......)..[..#..##.))...#
#.###########.#.....######
#.# #.....#.##.##.# #.#
#.###.#.##.##.#### #.#
#.###.#..........#
#.#####.#...#..........#
#.......#.###..........#
#########.# #..........#
#@###..........#
#...h.#............#
#.#####.##.........#
#.##.........###
#...............
####..........##
####.#####.# #.# #.# #.#
#.#


You could see a jackal.

Vanquished Creatures
  An orc priest (D:3)
  An orc wizard (D:3)
  4 adders
  4 worms (D:2)
  4 dart slugs
  A leopard gecko (D:2)
  15 orcs (D:3)
  6 bats
  3 giant cockroaches
  3 goblins
  5 hobgoblins
  14 jackals
  A quokka (D:2)
  A ball python (D:2)
  7 frilled lizards
  9 kobolds
  9 rats
88 creatures vanquished.

Notes
Turn   | Place    | Note
-------+----------+-------------------------------------------
     0 | D:1      | Majang the Octopode Transmuter began the quest for the Orb.
     0 | D:1      | Reached XP level 1. HP: 13/13 MP: 3/3
   291 | D:1      | Reached XP level 2. HP: 18/18 MP: 0/5
   298 | D:1      | Learned a level 2 spell: Sticks to Snakes
   727 | D:1      | Reached XP level 3. HP: 19/23 MP: 4/6
  1726 | D:2      | Reached XP level 4. HP: 25/29 MP: 5/7
  1770 | D:1      | Learned a level 4 spell: Ice Form
  2843 | D:2      | Reached XP level 5. HP: 19/34 MP: 6/8
  3111 | D:2      | Reached skill level 4 in Unarmed Combat
  3963 | D:3      | Reached skill level 1 in Ice Magic
  4110 | D:3      | HP: 1/34 [orc priest/divine providence (9)]
  4113 | D:3      | Slain by a jackal

Levels and vault maps discovered:
D:1:      minmay_arrival_stone_box, layout_basic, serial_bayou_pond_c
D:2:      layout_basic, first_ration, kennysheep_generic_room_13
D:3:      layout_basic

Skill      XL: |  1  2  3  4  5 |
---------------+----------------+-----
Transmutations | 3 |  3.6
Unarmed Combat | 4 |  4.2
Fighting       | 2 |  2.1
Ice Magic      | 1 |  1.1
Dodging        | |  2.0
Shields        | |  0.4
Spellcasting   | |  2.8

Action                   |  1- 3 |  4- 6 || total
-------------------------+-------+-------++-------
Melee: Unarmed           |    83 |   134 ||   217
       Constrict         |    25 |    24 ||    49
       Kick              |    19 |    26 ||    45
       Tentacles         |    12 |    15 ||    27
       Punch             |     1 |     2 ||     3
 Cast: Beastly Appendage |    25 |    29 ||    54
       Sticks to Snakes  |       |     3 ||     3
  Use: Potion            |     1 |       ||     1
 Stab: Sleeping          |       |     1 ||     1
  Eat: Chunk             |     3 |     8 ||    11
Armor: Skin              |     9 |     3 ||    12
Dodge: Dodged            |    67 |    45 ||   112

Table legend:
 A = Non-vault XP
 B = Vault XP
 C = Vault XP percentage of total XP
 D = Non-vault monster count
 E = Vault monster count
 F = Vault count percentage of total count
                 A         B        C        D         E       F
            +---------+---------+-------+---------+---------+-------
      Total |     309 |       0 |   0.0 |      88 |       0 |   0.0
            +---------+---------+-------+---------+---------+-------
        D:1 |      79 |       0 |   0.0 |      37 |       0 |   0.0
        D:2 |      95 |       0 |   0.0 |      29 |       0 |   0.0
        D:3 |     135 |       0 |   0.0 |      22 |       0 |   0.0
            +---------+---------+-------+---------+---------+-------
